Workbook
Name Beginning_Balance: -FV('Scenario 2'!Interest_Rate/12,'Scenario 2'!Payment_Number-1,-'Scenario 2'!Monthly_Payment,'Scenario 2'!Loan_Amount)
Name Beginning_Balance: -FV(Interest_Rate/12,Payment_Number-1,-Monthly_Payment,Loan_Amount)
Name ColumnTitle1: Loan3[[#Headers],[No.]]
Name ColumnTitle1: Loan[[#Headers],[No.]]
Name Ending_Balance: -FV('Scenario 2'!Interest_Rate/12,'Scenario 2'!Payment_Number,-'Scenario 2'!Monthly_Payment,'Scenario 2'!Loan_Amount)
Name Ending_Balance: -FV(Interest_Rate/12,Payment_Number,-Monthly_Payment,Loan_Amount)
Name Full_Print: 'Scenario 2'!$A$1:$H$372
Name Full_Print: 'Scenario 1'!$A$1:$H$372
Name Header_Row: ROW('Scenario 2'!$13:$13)
Name Header_Row: ROW('Scenario 1'!$13:$13)
Name Header_Row_Back: ROW('Scenario 2'!$13:$13)
Name Header_Row_Back: ROW('Scenario 1'!$13:$13)
Name Interest: -IPMT('Scenario 2'!Interest_Rate/12,'Scenario 2'!Payment_Number,'Scenario 2'!Number_of_Payments,'Scenario 2'!Loan_Amount)
Name Interest: -IPMT(Interest_Rate/12,Payment_Number,Number_of_Payments,Loan_Amount)
Name Interest_Rate: 'Scenario 2'!$D$4
Name Interest_Rate: 'Scenario 1'!$D$4
Name Last_Row: IF('Scenario 2'!Values_Entered,'Scenario 2'!Header_Row+'Scenario 2'!Number_of_Payments,'Scenario 2'!Header_Row)
Name Last_Row: IF(Values_Entered,Header_Row+Number_of_Payments,Header_Row)
Name Loan_Amount: 'Scenario 2'!$D$3
Name Loan_Amount: 'Scenario 1'!$D$3
Name Loan_Not_Paid: IF('Scenario 2'!Payment_Number<='Scenario 2'!Number_of_Payments,1,0)
Name Loan_Not_Paid: IF(Payment_Number<=Number_of_Payments,1,0)
Name Loan_Start: 'Scenario 2'!$D$6
Name Loan_Start: 'Scenario 1'!$D$6
Name Loan_Years: 'Scenario 2'!$D$5
Name Loan_Years: 'Scenario 1'!$D$5
Name Monthly_Payment: -PMT('Scenario 2'!Interest_Rate/12,'Scenario 2'!Number_of_Payments,'Scenario 2'!Loan_Amount)
Name Monthly_Payment: -PMT(Interest_Rate/12,Number_of_Payments,Loan_Amount)
Name Number_of_Payments: 'Scenario 2'!$D$9
Name Number_of_Payments: 'Scenario 1'!$D$9
Name Payment_Date: DATE(YEAR('Scenario 2'!Loan_Start),MONTH('Scenario 2'!Loan_Start)+'Scenario 2'!Payment_Number,DAY('Scenario 2'!Loan_Start))
Name Payment_Date: DATE(YEAR(Loan_Start),MONTH(Loan_Start)+Payment_Number,DAY(Loan_Start))
Name Payment_Number: ROW()-'Scenario 2'!Header_Row
Name Payment_Number: ROW()-Header_Row
Name Principal: -PPMT('Scenario 2'!Interest_Rate/12,'Scenario 2'!Payment_Number,'Scenario 2'!Number_of_Payments,'Scenario 2'!Loan_Amount)
Name Principal: -PPMT(Interest_Rate/12,Payment_Number,Number_of_Payments,Loan_Amount)
Name RowTitleRegion1..E6: 'Scenario 2'!$B$3
Name RowTitleRegion1..E6: 'Scenario 1'!$B$3
Name RowTitleRegion2..E11: 'Scenario 2'!$B$8
Name RowTitleRegion2..E11: 'Scenario 1'!$B$8
Name Total_Cost: 'Scenario 2'!$D$11
Name Total_Cost: 'Scenario 1'!$D$11
Name Total_Interest: 'Scenario 2'!$D$10
Name Total_Interest: 'Scenario 1'!$D$10
Name Values_Entered: IF('Scenario 2'!Loan_Amount*'Scenario 2'!Interest_Rate*'Scenario 2'!Loan_Years*'Scenario 2'!Loan_Start>0,1,0)
Name Values_Entered: IF(Loan_Amount*Interest_Rate*Loan_Years*Loan_Start>0,1,0)

Sheet Scenario 1
B1: Simple loan calculator
B3: Loan amount | D3: 400000
B4: Annual interest rate | D4: 0.065
B5: Loan period in years | D5: 30
B6: Start date of loan | D6: 45992
B8: Monthly payment | D8: =IFERROR(IF(Values_Entered,Monthly_Payment,""), "") -> 2528.2721
B9: Number of payments | D9: =IFERROR(IF(Values_Entered,Loan_Years*12,""), "") -> 360
B10: Total interest | D10: =IFERROR(IF(Values_Entered,Total_Cost-Loan_Amount,""), "") -> 510177.95
B11: Total cost of loan | D11: =IFERROR(IF(Values_Entered,Monthly_Payment*Number_of_Payments,""), "") -> 910177.95
B13: No. | C13: Payment date | D13: Beginning balance | E13: Payment | F13: Principal | G13: Interest | H13: Ending balance | I13: Cumulative Interest
B14: =IFERROR(IF(Loan_Not_Paid*Values_Entered,Payment_Number,""), "") -> 1 | C14: =IFERROR(IF(Loan_Not_Paid*Values_Entered,Payment_Date,""), "") -> 46023 | D14: =IFERROR(IF(Loan_Not_Paid*Values_Entered,Beginning_Balance,""), "") -> 400000 | E14: =IFERROR(IF(Loan_Not_Paid*Values_Entered,Monthly_Payment,""), "") -> 2528.2721 | F14: =IFERROR(IF(Loan_Not_Paid*Values_Entered,Principal,""), "") -> 361.60543 | G14: =IFERROR(IF(Loan_Not_Paid*Values_Entered,Interest,""), "") -> 2166.6667 | H14: =IFERROR(IF(Loan_Not_Paid*Values_Entered,Ending_Balance,""), "") -> 399638.39 | I14: =Loan[[#This Row],[Interest]] -> 2166.6667
B15: =IFERROR(IF(Loan_Not_Paid*Values_Entered,Payment_Number,""), "") -> 2 | C15: =IFERROR(IF(Loan_Not_Paid*Values_Entered,Payment_Date,""), "") -> 46054 | D15: =IFERROR(IF(Loan_Not_Paid*Values_Entered,Beginning_Balance,""), "") -> 399638.39 | E15: =IFERROR(IF(Loan_Not_Paid*Values_Entered,Monthly_Payment,""), "") -> 2528.2721 | F15: =IFERROR(IF(Loan_Not_Paid*Values_Entered,Principal,""), "") -> 363.56412 | G15: =IFERROR(IF(Loan_Not_Paid*Values_Entered,Interest,""), "") -> 2164.708 | H15: =IFERROR(IF(Loan_Not_Paid*Values_Entered,Ending_Balance,""), "") -> 399274.83 | I15: =I14+Loan[[#This Row],[Interest]] -> 4331.3746
B16: =IFERROR(IF(Loan_Not_Paid*Values_Entered,Payment_Number,""), "") -> 3 | C16: =IFERROR(IF(Loan_Not_Paid*Values_Entered,Payment_Date,""), "") -> 46082 | D16: =IFERROR(IF(Loan_Not_Paid*Values_Entered,Beginning_Balance,""), "") -> 399274.83 | E16: =IFERROR(IF(Loan_Not_Paid*Values_Entered,Monthly_Payment,""), "") -> 2528.2721 | F16: =IFERROR(IF(Loan_Not_Paid*Values_Entered,Principal,""), "") -> 365.53343 | G16: =IFERROR(IF(Loan_Not_Paid*Values_Entered,Interest,""), "") -> 2162.7387 | H16: =IFERROR(IF(Loan_Not_Paid*Values_Entered,Ending_Balance,""), "") -> 398909.3 | I16: =I15+Loan[[#This Row],[Interest]] -> 6494.1133
B17: =IFERROR(IF(Loan_Not_Paid*Values_Entered,Payment_Number,""), "") -> 4 | C17: =IFERROR(IF(Loan_Not_Paid*Values_Entered,Payment_Date,""), "") -> 46113 | D17: =IFERROR(IF(Loan_Not_Paid*Values_Entered,Beginning_Balance,""), "") -> 398909.3 | E17: =IFERROR(IF(Loan_Not_Paid*Values_Entered,Monthly_Payment,""), "") -> 2528.2721 | F17: =IFERROR(IF(Loan_Not_Paid*Values_Entered,Principal,""), "") -> 367.5134 | G17: =IFERROR(IF(Loan_Not_Paid*Values_Entered,Interest,""), "") -> 2160.7587 | H17: =IFERROR(IF(Loan_Not_Paid*Values_Entered,Ending_Balance,""), "") -> 398541.78 | I17: =I16+Loan[[#This Row],[Interest]] -> 8654.872
B18: =IFERROR(IF(Loan_Not_Paid*Values_Entered,Payment_Number,""), "") -> 5 | C18: =IFERROR(IF(Loan_Not_Paid*Values_Entered,Payment_Date,""), "") -> 46143 | D18: =IFERROR(IF(Loan_Not_Paid*Values_Entered,Beginning_Balance,""), "") -> 398541.78 | E18: =IFERROR(IF(Loan_Not_Paid*Values_Entered,Monthly_Payment,""), "") -> 2528.2721 | F18: =IFERROR(IF(Loan_Not_Paid*Values_Entered,Principal,""), "") -> 369.5041 | G18: =IFERROR(IF(Loan_Not_Paid*Values_Entered,Interest,""), "") -> 2158.768 | H18: =IFERROR(IF(Loan_Not_Paid*Values_Entered,Ending_Balance,""), "") -> 398172.28 | I18: =I17+Loan[[#This Row],[Interest]] -> 10813.64
B19: =IFERROR(IF(Loan_Not_Paid*Values_Entered,Payment_Number,""), "") -> 6 | C19: =IFERROR(IF(Loan_Not_Paid*Values_Entered,Payment_Date,""), "") -> 46174 | D19: =IFERROR(IF(Loan_Not_Paid*Values_Entered,Beginning_Balance,""), "") -> 398172.28 | E19: =IFERROR(IF(Loan_Not_Paid*Values_Entered,Monthly_Payment,""), "") -> 2528.2721 | F19: =IFERROR(IF(Loan_Not_Paid*Values_Entered,Principal,""), "") -> 371.50558 | G19: =IFERROR(IF(Loan_Not_Paid*Values_Entered,Interest,""), "") -> 2156.7665 | H19: =IFERROR(IF(Loan_Not_Paid*Values_Entered,Ending_Balance,""), "") -> 397800.77 | I19: =I18+Loan[[#This Row],[Interest]] -> 12970.407
B20: =IFERROR(IF(Loan_Not_Paid*Values_Entered,Payment_Number,""), "") -> 7 | C20: =IFERROR(IF(Loan_Not_Paid*Values_Entered,Payment_Date,""), "") -> 46204 | D20: =IFERROR(IF(Loan_Not_Paid*Values_Entered,Beginning_Balance,""), "") -> 397800.77 | E20: =IFERROR(IF(Loan_Not_Paid*Values_Entered,Monthly_Payment,""), "") -> 2528.2721 | F20: =IFERROR(IF(Loan_Not_Paid*Values_Entered,Principal,""), "") -> 373.5179 | G20: =IFERROR(IF(Loan_Not_Paid*Values_Entered,Interest,""), "") -> 2154.7542 | H20: =IFERROR(IF(Loan_Not_Paid*Values_Entered,Ending_Balance,""), "") -> 397427.26 | I20: =I19+Loan[[#This Row],[Interest]] -> 15125.161
B21: =IFERROR(IF(Loan_Not_Paid*Values_Entered,Payment_Number,""), "") -> 8 | C21: =IFERROR(IF(Loan_Not_Paid*Values_Entered,Payment_Date,""), "") -> 46235 | D21: =IFERROR(IF(Loan_Not_Paid*Values_Entered,Beginning_Balance,""), "") -> 397427.26 | E21: =IFERROR(IF(Loan_Not_Paid*Values_Entered,Monthly_Payment,""), "") -> 2528.2721 | F21: =IFERROR(IF(Loan_Not_Paid*Values_Entered,Principal,""), "") -> 375.54112 | G21: =IFERROR(IF(Loan_Not_Paid*Values_Entered,Interest,""), "") -> 2152.731 | H21: =IFERROR(IF(Loan_Not_Paid*Values_Entered,Ending_Balance,""), "") -> 397051.71 | I21: =I20+Loan[[#This Row],[Interest]] -> 17277.892
B22: =IFERROR(IF(Loan_Not_Paid*Values_Entered,Payment_Number,""), "") -> 9 | C22: =IFERROR(IF(Loan_Not_Paid*Values_Entered,Payment_Date,""), "") -> 46266 | D22: =IFERROR(IF(Loan_Not_Paid*Values_Entered,Beginning_Balance,""), "") -> 397051.71 | E22: =IFERROR(IF(Loan_Not_Paid*Values_Entered,Monthly_Payment,""), "") -> 2528.2721 | F22: =IFERROR(IF(Loan_Not_Paid*Values_Entered,Principal,""), "") -> 377.5753 | G22: =IFERROR(IF(Loan_Not_Paid*Values_Entered,Interest,""), "") -> 2150.6968 | H22: =IFERROR(IF(Loan_Not_Paid*Values_Entered,Ending_Balance,""), "") -> 396674.14 | I22: =I21+Loan[[#This Row],[Interest]] -> 19428.588
B23: =IFERROR(IF(Loan_Not_Paid*Values_Entered,Payment_Number,""), "") -> 10 | C23: =IFERROR(IF(Loan_Not_Paid*Values_Entered,Payment_Date,""), "") -> 46296 | D23: =IFERROR(IF(Loan_Not_Paid*Values_Entered,Beginning_Balance,""), "") -> 396674.14 | E23: =IFERROR(IF(Loan_Not_Paid*Values_Entered,Monthly_Payment,""), "") -> 2528.2721 | F23: =IFERROR(IF(Loan_Not_Paid*Values_Entered,Principal,""), "") -> 379.6205 | G23: =IFERROR(IF(Loan_Not_Paid*Values_Entered,Interest,""), "") -> 2148.6516 | H23: =IFERROR(IF(Loan_Not_Paid*Values_Entered,Ending_Balance,""), "") -> 396294.52 | I23: =I22+Loan[[#This Row],[Interest]] -> 21577.24
B24: =IFERROR(IF(Loan_Not_Paid*Values_Entered,Payment_Number,""), "") -> 11 | C24: =IFERROR(IF(Loan_Not_Paid*Values_Entered,Payment_Date,""), "") -> 46327 | D24: =IFERROR(IF(Loan_Not_Paid*Values_Entered,Beginning_Balance,""), "") -> 396294.52 | E24: =IFERROR(IF(Loan_Not_Paid*Values_Entered,Monthly_Payment,""), "") -> 2528.2721 | F24: =IFERROR(IF(Loan_Not_Paid*Values_Entered,Principal,""), "") -> 381.67678 | G24: =IFERROR(IF(Loan_Not_Paid*Values_Entered,Interest,""), "") -> 2146.5953 | H24: =IFERROR(IF(Loan_Not_Paid*Values_Entered,Ending_Balance,""), "") -> 395912.84 | I24: =I23+Loan[[#This Row],[Interest]] -> 23723.835
B25: =IFERROR(IF(Loan_Not_Paid*Values_Entered,Payment_Number,""), "") -> 12 | C25: =IFERROR(IF(Loan_Not_Paid*Values_Entered,Payment_Date,""), "") -> 46357 | D25: =IFERROR(IF(Loan_Not_Paid*Values_Entered,Beginning_Balance,""), "") -> 395912.84 | E25: =IFERROR(IF(Loan_Not_Paid*Values_Entered,Monthly_Payment,""), "") -> 2528.2721 | F25: =IFERROR(IF(Loan_Not_Paid*Values_Entered,Principal,""), "") -> 383.7442 | G25: =IFERROR(IF(Loan_Not_Paid*Values_Entered,Interest,""), "") -> 2144.5279 | H25: =IFERROR(IF(Loan_Not_Paid*Values_Entered,Ending_Balance,""), "") -> 395529.1 | I25: =I24+Loan[[#This Row],[Interest]] -> 25868.363
B26: =IFERROR(IF(Loan_Not_Paid*Values_Entered,Payment_Number,""), "") -> 13 | C26: =IFERROR(IF(Loan_Not_Paid*Values_Entered,Payment_Date,""), "") -> 46388 | D26: =IFERROR(IF(Loan_Not_Paid*Values_Entered,Beginning_Balance,""), "") -> 395529.1 | E26: =IFERROR(IF(Loan_Not_Paid*Values_Entered,Monthly_Payment,""), "") -> 2528.2721 | F26: =IFERROR(IF(Loan_Not_Paid*Values_Entered,Principal,""), "") -> 385.82281 | G26: =IFERROR(IF(Loan_Not_Paid*Values_Entered,Interest,""), "") -> 2142.4493 | H26: =IFERROR(IF(Loan_Not_Paid*Values_Entered,Ending_Balance,""), "") -> 395143.28 | I26: =I25+Loan[[#This Row],[Interest]] -> 28010.813
... B373: =IFERROR(IF(Loan_Not_Paid*Values_Entered,Payment_Number,""), "") -> 360 | C373: =IFERROR(IF(Loan_Not_Paid*Values_Entered,Payment_Date,""), "") -> 56949 | D373: =IFERROR(IF(Loan_Not_Paid*Values_Entered,Beginning_Balance,""), "") -> 2514.6511 | E373: =IFERROR(IF(Loan_Not_Paid*Values_Entered,Monthly_Payment,""), "") -> 2528.2721 | F373: =IFERROR(IF(Loan_Not_Paid*Values_Entered,Principal,""), "") -> 2514.6511 | G373: =IFERROR(IF(Loan_Not_Paid*Values_Entered,Interest,""), "") -> 13.621027 | H373: =IFERROR(IF(Loan_Not_Paid*Values_Entered,Ending_Balance,""), "") -> 9.778887e-09 | I373: =I372+Loan[[#This Row],[Interest]] -> 510177.95
B374: =IFERROR(IF(Loan_Not_Paid*Values_Entered,Payment_Number,""), "") | C374: =IFERROR(IF(Loan_Not_Paid*Values_Entered,Payment_Date,""), "") | D374: =IFERROR(IF(Loan_Not_Paid*Values_Entered,Beginning_Balance,""), "") | E374: =IFERROR(IF(Loan_Not_Paid*Values_Entered,Monthly_Payment,""), "") | F374: =IFERROR(IF(Loan_Not_Paid*Values_Entered,Principal,""), "") | G374: =IFERROR(IF(Loan_Not_Paid*Values_Entered,Interest,""), "") | H374: =IFERROR(IF(Loan_Not_Paid*Values_Entered,Ending_Balance,""), "")
B375: =IFERROR(IF(Loan_Not_Paid*Values_Entered,Payment_Number,""), "") | C375: =IFERROR(IF(Loan_Not_Paid*Values_Entered,Payment_Date,""), "") | D375: =IFERROR(IF(Loan_Not_Paid*Values_Entered,Beginning_Balance,""), "") | E375: =IFERROR(IF(Loan_Not_Paid*Values_Entered,Monthly_Payment,""), "") | F375: =IFERROR(IF(Loan_Not_Paid*Values_Entered,Principal,""), "") | G375: =IFERROR(IF(Loan_Not_Paid*Values_Entered,Interest,""), "") | H375: =IFERROR(IF(Loan_Not_Paid*Values_Entered,Ending_Balance,""), "")
B376: =IFERROR(IF(Loan_Not_Paid*Values_Entered,Payment_Number,""), "") | C376: =IFERROR(IF(Loan_Not_Paid*Values_Entered,Payment_Date,""), "") | D376: =IFERROR(IF(Loan_Not_Paid*Values_Entered,Beginning_Balance,""), "") | E376: =IFERROR(IF(Loan_Not_Paid*Values_Entered,Monthly_Payment,""), "") | F376: =IFERROR(IF(Loan_Not_Paid*Values_Entered,Principal,""), "") | G376: =IFERROR(IF(Loan_Not_Paid*Values_Entered,Interest,""), "") | H376: =IFERROR(IF(Loan_Not_Paid*Values_Entered,Ending_Balance,""), "")
B377: =IFERROR(IF(Loan_Not_Paid*Values_Entered,Payment_Number,""), "") | C377: =IFERROR(IF(Loan_Not_Paid*Values_Entered,Payment_Date,""), "") | D377: =IFERROR(IF(Loan_Not_Paid*Values_Entered,Beginning_Balance,""), "") | E377: =IFERROR(IF(Loan_Not_Paid*Values_Entered,Monthly_Payment,""), "") | F377: =IFERROR(IF(Loan_Not_Paid*Values_Entered,Principal,""), "") | G377: =IFERROR(IF(Loan_Not_Paid*Values_Entered,Interest,""), "") | H377: =IFERROR(IF(Loan_Not_Paid*Values_Entered,Ending_Balance,""), "")
B378: =IFERROR(IF(Loan_Not_Paid*Values_Entered,Payment_Number,""), "") | C378: =IFERROR(IF(Loan_Not_Paid*Values_Entered,Payment_Date,""), "") | D378: =IFERROR(IF(Loan_Not_Paid*Values_Entered,Beginning_Balance,""), "") | E378: =IFERROR(IF(Loan_Not_Paid*Values_Entered,Monthly_Payment,""), "") | F378: =IFERROR(IF(Loan_Not_Paid*Values_Entered,Principal,""), "") | G378: =IFERROR(IF(Loan_Not_Paid*Values_Entered,Interest,""), "") | H378: =IFERROR(IF(Loan_Not_Paid*Values_Entered,Ending_Balance,""), "")
B379: =IFERROR(IF(Loan_Not_Paid*Values_Entered,Payment_Number,""), "") | C379: =IFERROR(IF(Loan_Not_Paid*Values_Entered,Payment_Date,""), "") | D379: =IFERROR(IF(Loan_Not_Paid*Values_Entered,Beginning_Balance,""), "") | E379: =IFERROR(IF(Loan_Not_Paid*Values_Entered,Monthly_Payment,""), "") | F379: =IFERROR(IF(Loan_Not_Paid*Values_Entered,Principal,""), "") | G379: =IFERROR(IF(Loan_Not_Paid*Values_Entered,Interest,""), "") | H379: =IFERROR(IF(Loan_Not_Paid*Values_Entered,Ending_Balance,""), "")
B380: =IFERROR(IF(Loan_Not_Paid*Values_Entered,Payment_Number,""), "") | C380: =IFERROR(IF(Loan_Not_Paid*Values_Entered,Payment_Date,""), "") | D380: =IFERROR(IF(Loan_Not_Paid*Values_Entered,Beginning_Balance,""), "") | E380: =IFERROR(IF(Loan_Not_Paid*Values_Entered,Monthly_Payment,""), "") | F380: =IFERROR(IF(Loan_Not_Paid*Values_Entered,Principal,""), "") | G380: =IFERROR(IF(Loan_Not_Paid*Values_Entered,Interest,""), "") | H380: =IFERROR(IF(Loan_Not_Paid*Values_Entered,Ending_Balance,""), "")
B381: =IFERROR(IF(Loan_Not_Paid*Values_Entered,Payment_Number,""), "") | C381: =IFERROR(IF(Loan_Not_Paid*Values_Entered,Payment_Date,""), "") | D381: =IFERROR(IF(Loan_Not_Paid*Values_Entered,Beginning_Balance,""), "") | E381: =IFERROR(IF(Loan_Not_Paid*Values_Entered,Monthly_Payment,""), "") | F381: =IFERROR(IF(Loan_Not_Paid*Values_Entered,Principal,""), "") | G381: =IFERROR(IF(Loan_Not_Paid*Values_Entered,Interest,""), "") | H381: =IFERROR(IF(Loan_Not_Paid*Values_Entered,Ending_Balance,""), "")
B382: =IFERROR(IF(Loan_Not_Paid*Values_Entered,Payment_Number,""), "") | C382: =IFERROR(IF(Loan_Not_Paid*Values_Entered,Payment_Date,""), "") | D382: =IFERROR(IF(Loan_Not_Paid*Values_Entered,Beginning_Balance,""), "") | E382: =IFERROR(IF(Loan_Not_Paid*Values_Entered,Monthly_Payment,""), "") | F382: =IFERROR(IF(Loan_Not_Paid*Values_Entered,Principal,""), "") | G382: =IFERROR(IF(Loan_Not_Paid*Values_Entered,Interest,""), "") | H382: =IFERROR(IF(Loan_Not_Paid*Values_Entered,Ending_Balance,""), "")
B383: =IFERROR(IF(Loan_Not_Paid*Values_Entered,Payment_Number,""), "") | C383: =IFERROR(IF(Loan_Not_Paid*Values_Entered,Payment_Date,""), "") | D383: =IFERROR(IF(Loan_Not_Paid*Values_Entered,Beginning_Balance,""), "") | E383: =IFERROR(IF(Loan_Not_Paid*Values_Entered,Monthly_Payment,""), "") | F383: =IFERROR(IF(Loan_Not_Paid*Values_Entered,Principal,""), "") | G383: =IFERROR(IF(Loan_Not_Paid*Values_Entered,Interest,""), "") | H383: =IFERROR(IF(Loan_Not_Paid*Values_Entered,Ending_Balance,""), "")
B384: =IFERROR(IF(Loan_Not_Paid*Values_Entered,Payment_Number,""), "") | C384: =IFERROR(IF(Loan_Not_Paid*Values_Entered,Payment_Date,""), "") | D384: =IFERROR(IF(Loan_Not_Paid*Values_Entered,Beginning_Balance,""), "") | E384: =IFERROR(IF(Loan_Not_Paid*Values_Entered,Monthly_Payment,""), "") | F384: =IFERROR(IF(Loan_Not_Paid*Values_Entered,Principal,""), "") | G384: =IFERROR(IF(Loan_Not_Paid*Values_Entered,Interest,""), "") | H384: =IFERROR(IF(Loan_Not_Paid*Values_Entered,Ending_Balance,""), "")
B385: =IFERROR(IF(Loan_Not_Paid*Values_Entered,Payment_Number,""), "") | C385: =IFERROR(IF(Loan_Not_Paid*Values_Entered,Payment_Date,""), "") | D385: =IFERROR(IF(Loan_Not_Paid*Values_Entered,Beginning_Balance,""), "") | E385: =IFERROR(IF(Loan_Not_Paid*Values_Entered,Monthly_Payment,""), "") | F385: =IFERROR(IF(Loan_Not_Paid*Values_Entered,Principal,""), "") | G385: =IFERROR(IF(Loan_Not_Paid*Values_Entered,Interest,""), "") | H385: =IFERROR(IF(Loan_Not_Paid*Values_Entered,Ending_Balance,""), "")
... B676: =IFERROR(IF(Loan_Not_Paid*Values_Entered,Payment_Number,""), "") | C676: =IFERROR(IF(Loan_Not_Paid*Values_Entered,Payment_Date,""), "") | D676: =IFERROR(IF(Loan_Not_Paid*Values_Entered,Beginning_Balance,""), "") | E676: =IFERROR(IF(Loan_Not_Paid*Values_Entered,Monthly_Payment,""), "") | F676: =IFERROR(IF(Loan_Not_Paid*Values_Entered,Principal,""), "") | G676: =IFERROR(IF(Loan_Not_Paid*Values_Entered,Interest,""), "") | H676: =IFERROR(IF(Loan_Not_Paid*Values_Entered,Ending_Balance,""), "")

Sheet Scenario 2
B1: Simple loan calculator
B3: Loan amount | D3: 400000
B4: Annual interest rate | D4: 0.06125
B5: Loan period in years | D5: 30
B6: Start date of loan | D6: 45992
B8: Monthly payment | D8: =IFERROR(IF(Values_Entered,Monthly_Payment,""), "") -> 2430.4422
B9: Number of payments | D9: =IFERROR(IF(Values_Entered,Loan_Years*12,""), "") -> 360
B10: Total interest | D10: =IFERROR(IF(Values_Entered,Total_Cost-Loan_Amount,""), "") -> 474959.18
B11: Total cost of loan | D11: =IFERROR(IF(Values_Entered,Monthly_Payment*Number_of_Payments,""), "") -> 874959.18
B13: No. | C13: Payment date | D13: Beginning balance | E13: Payment | F13: Principal | G13: Interest | H13: Ending balance | I13: Cumulative Interest
B14: =IFERROR(IF(Loan_Not_Paid*Values_Entered,Payment_Number,""), "") -> 1 | C14: =IFERROR(IF(Loan_Not_Paid*Values_Entered,Payment_Date,""), "") -> 46023 | D14: =IFERROR(IF(Loan_Not_Paid*Values_Entered,Beginning_Balance,""), "") -> 400000 | E14: =IFERROR(IF(Loan_Not_Paid*Values_Entered,Monthly_Payment,""), "") -> 2430.4422 | F14: =IFERROR(IF(Loan_Not_Paid*Values_Entered,Principal,""), "") -> 388.77549 | G14: =IFERROR(IF(Loan_Not_Paid*Values_Entered,Interest,""), "") -> 2041.6667 | H14: =IFERROR(IF(Loan_Not_Paid*Values_Entered,Ending_Balance,""), "") -> 399611.22 | I14: =Loan3[[#This Row],[Interest]] -> 2041.6667
B15: =IFERROR(IF(Loan_Not_Paid*Values_Entered,Payment_Number,""), "") -> 2 | C15: =IFERROR(IF(Loan_Not_Paid*Values_Entered,Payment_Date,""), "") -> 46054 | D15: =IFERROR(IF(Loan_Not_Paid*Values_Entered,Beginning_Balance,""), "") -> 399611.22 | E15: =IFERROR(IF(Loan_Not_Paid*Values_Entered,Monthly_Payment,""), "") -> 2430.4422 | F15: =IFERROR(IF(Loan_Not_Paid*Values_Entered,Principal,""), "") -> 390.75987 | G15: =IFERROR(IF(Loan_Not_Paid*Values_Entered,Interest,""), "") -> 2039.6823 | H15: =IFERROR(IF(Loan_Not_Paid*Values_Entered,Ending_Balance,""), "") -> 399220.46 | I15: =I14+Loan3[[#This Row],[Interest]] -> 4081.349
B16: =IFERROR(IF(Loan_Not_Paid*Values_Entered,Payment_Number,""), "") -> 3 | C16: =IFERROR(IF(Loan_Not_Paid*Values_Entered,Payment_Date,""), "") -> 46082 | D16: =IFERROR(IF(Loan_Not_Paid*Values_Entered,Beginning_Balance,""), "") -> 399220.46 | E16: =IFERROR(IF(Loan_Not_Paid*Values_Entered,Monthly_Payment,""), "") -> 2430.4422 | F16: =IFERROR(IF(Loan_Not_Paid*Values_Entered,Principal,""), "") -> 392.75437 | G16: =IFERROR(IF(Loan_Not_Paid*Values_Entered,Interest,""), "") -> 2037.6878 | H16: =IFERROR(IF(Loan_Not_Paid*Values_Entered,Ending_Balance,""), "") -> 398827.71 | I16: =I15+Loan3[[#This Row],[Interest]] -> 6119.0367
B17: =IFERROR(IF(Loan_Not_Paid*Values_Entered,Payment_Number,""), "") -> 4 | C17: =IFERROR(IF(Loan_Not_Paid*Values_Entered,Payment_Date,""), "") -> 46113 | D17: =IFERROR(IF(Loan_Not_Paid*Values_Entered,Beginning_Balance,""), "") -> 398827.71 | E17: =IFERROR(IF(Loan_Not_Paid*Values_Entered,Monthly_Payment,""), "") -> 2430.4422 | F17: =IFERROR(IF(Loan_Not_Paid*Values_Entered,Principal,""), "") -> 394.75905 | G17: =IFERROR(IF(Loan_Not_Paid*Values_Entered,Interest,""), "") -> 2035.6831 | H17: =IFERROR(IF(Loan_Not_Paid*Values_Entered,Ending_Balance,""), "") -> 398432.95 | I17: =I16+Loan3[[#This Row],[Interest]] -> 8154.7199
B18: =IFERROR(IF(Loan_Not_Paid*Values_Entered,Payment_Number,""), "") -> 5 | C18: =IFERROR(IF(Loan_Not_Paid*Values_Entered,Payment_Date,""), "") -> 46143 | D18: =IFERROR(IF(Loan_Not_Paid*Values_Entered,Beginning_Balance,""), "") -> 398432.95 | E18: =IFERROR(IF(Loan_Not_Paid*Values_Entered,Monthly_Payment,""), "") -> 2430.4422 | F18: =IFERROR(IF(Loan_Not_Paid*Values_Entered,Principal,""), "") -> 396.77397 | G18: =IFERROR(IF(Loan_Not_Paid*Values_Entered,Interest,""), "") -> 2033.6682 | H18: =IFERROR(IF(Loan_Not_Paid*Values_Entered,Ending_Balance,""), "") -> 398036.18 | I18: =I17+Loan3[[#This Row],[Interest]] -> 10188.388
B19: =IFERROR(IF(Loan_Not_Paid*Values_Entered,Payment_Number,""), "") -> 6 | C19: =IFERROR(IF(Loan_Not_Paid*Values_Entered,Payment_Date,""), "") -> 46174 | D19: =IFERROR(IF(Loan_Not_Paid*Values_Entered,Beginning_Balance,""), "") -> 398036.18 | E19: =IFERROR(IF(Loan_Not_Paid*Values_Entered,Monthly_Payment,""), "") -> 2430.4422 | F19: =IFERROR(IF(Loan_Not_Paid*Values_Entered,Principal,""), "") -> 398.79917 | G19: =IFERROR(IF(Loan_Not_Paid*Values_Entered,Interest,""), "") -> 2031.643 | H19: =IFERROR(IF(Loan_Not_Paid*Values_Entered,Ending_Balance,""), "") -> 397637.38 | I19: =I18+Loan3[[#This Row],[Interest]] -> 12220.031
B20: =IFERROR(IF(Loan_Not_Paid*Values_Entered,Payment_Number,""), "") -> 7 | C20: =IFERROR(IF(Loan_Not_Paid*Values_Entered,Payment_Date,""), "") -> 46204 | D20: =IFERROR(IF(Loan_Not_Paid*Values_Entered,Beginning_Balance,""), "") -> 397637.38 | E20: =IFERROR(IF(Loan_Not_Paid*Values_Entered,Monthly_Payment,""), "") -> 2430.4422 | F20: =IFERROR(IF(Loan_Not_Paid*Values_Entered,Principal,""), "") -> 400.83471 | G20: =IFERROR(IF(Loan_Not_Paid*Values_Entered,Interest,""), "") -> 2029.6075 | H20: =IFERROR(IF(Loan_Not_Paid*Values_Entered,Ending_Balance,""), "") -> 397236.54 | I20: =I19+Loan3[[#This Row],[Interest]] -> 14249.638
B21: =IFERROR(IF(Loan_Not_Paid*Values_Entered,Payment_Number,""), "") -> 8 | C21: =IFERROR(IF(Loan_Not_Paid*Values_Entered,Payment_Date,""), "") -> 46235 | D21: =IFERROR(IF(Loan_Not_Paid*Values_Entered,Beginning_Balance,""), "") -> 397236.54 | E21: =IFERROR(IF(Loan_Not_Paid*Values_Entered,Monthly_Payment,""), "") -> 2430.4422 | F21: =IFERROR(IF(Loan_Not_Paid*Values_Entered,Principal,""), "") -> 402.88063 | G21: =IFERROR(IF(Loan_Not_Paid*Values_Entered,Interest,""), "") -> 2027.5615 | H21: =IFERROR(IF(Loan_Not_Paid*Values_Entered,Ending_Balance,""), "") -> 396833.66 | I21: =I20+Loan3[[#This Row],[Interest]] -> 16277.2
B22: =IFERROR(IF(Loan_Not_Paid*Values_Entered,Payment_Number,""), "") -> 9 | C22: =IFERROR(IF(Loan_Not_Paid*Values_Entered,Payment_Date,""), "") -> 46266 | D22: =IFERROR(IF(Loan_Not_Paid*Values_Entered,Beginning_Balance,""), "") -> 396833.66 | E22: =IFERROR(IF(Loan_Not_Paid*Values_Entered,Monthly_Payment,""), "") -> 2430.4422 | F22: =IFERROR(IF(Loan_Not_Paid*Values_Entered,Principal,""), "") -> 404.937 | G22: =IFERROR(IF(Loan_Not_Paid*Values_Entered,Interest,""), "") -> 2025.5052 | H22: =IFERROR(IF(Loan_Not_Paid*Values_Entered,Ending_Balance,""), "") -> 396428.73 | I22: =I21+Loan3[[#This Row],[Interest]] -> 18302.705
B23: =IFERROR(IF(Loan_Not_Paid*Values_Entered,Payment_Number,""), "") -> 10 | C23: =IFERROR(IF(Loan_Not_Paid*Values_Entered,Payment_Date,""), "") -> 46296 | D23: =IFERROR(IF(Loan_Not_Paid*Values_Entered,Beginning_Balance,""), "") -> 396428.73 | E23: =IFERROR(IF(Loan_Not_Paid*Values_Entered,Monthly_Payment,""), "") -> 2430.4422 | F23: =IFERROR(IF(Loan_Not_Paid*Values_Entered,Principal,""), "") -> 407.00387 | G23: =IFERROR(IF(Loan_Not_Paid*Values_Entered,Interest,""), "") -> 2023.4383 | H23: =IFERROR(IF(Loan_Not_Paid*Values_Entered,Ending_Balance,""), "") -> 396021.72 | I23: =I22+Loan3[[#This Row],[Interest]] -> 20326.143
B24: =IFERROR(IF(Loan_Not_Paid*Values_Entered,Payment_Number,""), "") -> 11 | C24: =IFERROR(IF(Loan_Not_Paid*Values_Entered,Payment_Date,""), "") -> 46327 | D24: =IFERROR(IF(Loan_Not_Paid*Values_Entered,Beginning_Balance,""), "") -> 396021.72 | E24: =IFERROR(IF(Loan_Not_Paid*Values_Entered,Monthly_Payment,""), "") -> 2430.4422 | F24: =IFERROR(IF(Loan_Not_Paid*Values_Entered,Principal,""), "") -> 409.08129 | G24: =IFERROR(IF(Loan_Not_Paid*Values_Entered,Interest,""), "") -> 2021.3609 | H24: =IFERROR(IF(Loan_Not_Paid*Values_Entered,Ending_Balance,""), "") -> 395612.64 | I24: =I23+Loan3[[#This Row],[Interest]] -> 22347.504
B25: =IFERROR(IF(Loan_Not_Paid*Values_Entered,Payment_Number,""), "") -> 12 | C25: =IFERROR(IF(Loan_Not_Paid*Values_Entered,Payment_Date,""), "") -> 46357 | D25: =IFERROR(IF(Loan_Not_Paid*Values_Entered,Beginning_Balance,""), "") -> 395612.64 | E25: =IFERROR(IF(Loan_Not_Paid*Values_Entered,Monthly_Payment,""), "") -> 2430.4422 | F25: =IFERROR(IF(Loan_Not_Paid*Values_Entered,Principal,""), "") -> 411.16931 | G25: =IFERROR(IF(Loan_Not_Paid*Values_Entered,Interest,""), "") -> 2019.2729 | H25: =IFERROR(IF(Loan_Not_Paid*Values_Entered,Ending_Balance,""), "") -> 395201.47 | I25: =I24+Loan3[[#This Row],[Interest]] -> 24366.777
B26: =IFERROR(IF(Loan_Not_Paid*Values_Entered,Payment_Number,""), "") -> 13 | C26: =IFERROR(IF(Loan_Not_Paid*Values_Entered,Payment_Date,""), "") -> 46388 | D26: =IFERROR(IF(Loan_Not_Paid*Values_Entered,Beginning_Balance,""), "") -> 395201.47 | E26: =IFERROR(IF(Loan_Not_Paid*Values_Entered,Monthly_Payment,""), "") -> 2430.4422 | F26: =IFERROR(IF(Loan_Not_Paid*Values_Entered,Principal,""), "") -> 413.26798 | G26: =IFERROR(IF(Loan_Not_Paid*Values_Entered,Interest,""), "") -> 2017.1742 | H26: =IFERROR(IF(Loan_Not_Paid*Values_Entered,Ending_Balance,""), "") -> 394788.2 | I26: =I25+Loan3[[#This Row],[Interest]] -> 26383.951
... B373: =IFERROR(IF(Loan_Not_Paid*Values_Entered,Payment_Number,""), "") -> 360 | C373: =IFERROR(IF(Loan_Not_Paid*Values_Entered,Payment_Date,""), "") -> 56949 | D373: =IFERROR(IF(Loan_Not_Paid*Values_Entered,Beginning_Balance,""), "") -> 2418.0998 | E373: =IFERROR(IF(Loan_Not_Paid*Values_Entered,Monthly_Payment,""), "") -> 2430.4422 | F373: =IFERROR(IF(Loan_Not_Paid*Values_Entered,Principal,""), "") -> 2418.0998 | G373: =IFERROR(IF(Loan_Not_Paid*Values_Entered,Interest,""), "") -> 12.342384 | H373: =IFERROR(IF(Loan_Not_Paid*Values_Entered,Ending_Balance,""), "") -> -9.3132257e-09 | I373: =I372+Loan3[[#This Row],[Interest]] -> 474959.18
B374: =IFERROR(IF(Loan_Not_Paid*Values_Entered,Payment_Number,""), "") | C374: =IFERROR(IF(Loan_Not_Paid*Values_Entered,Payment_Date,""), "") | D374: =IFERROR(IF(Loan_Not_Paid*Values_Entered,Beginning_Balance,""), "") | E374: =IFERROR(IF(Loan_Not_Paid*Values_Entered,Monthly_Payment,""), "") | F374: =IFERROR(IF(Loan_Not_Paid*Values_Entered,Principal,""), "") | G374: =IFERROR(IF(Loan_Not_Paid*Values_Entered,Interest,""), "") | H374: =IFERROR(IF(Loan_Not_Paid*Values_Entered,Ending_Balance,""), "")
B375: =IFERROR(IF(Loan_Not_Paid*Values_Entered,Payment_Number,""), "") | C375: =IFERROR(IF(Loan_Not_Paid*Values_Entered,Payment_Date,""), "") | D375: =IFERROR(IF(Loan_Not_Paid*Values_Entered,Beginning_Balance,""), "") | E375: =IFERROR(IF(Loan_Not_Paid*Values_Entered,Monthly_Payment,""), "") | F375: =IFERROR(IF(Loan_Not_Paid*Values_Entered,Principal,""), "") | G375: =IFERROR(IF(Loan_Not_Paid*Values_Entered,Interest,""), "") | H375: =IFERROR(IF(Loan_Not_Paid*Values_Entered,Ending_Balance,""), "")
B376: =IFERROR(IF(Loan_Not_Paid*Values_Entered,Payment_Number,""), "") | C376: =IFERROR(IF(Loan_Not_Paid*Values_Entered,Payment_Date,""), "") | D376: =IFERROR(IF(Loan_Not_Paid*Values_Entered,Beginning_Balance,""), "") | E376: =IFERROR(IF(Loan_Not_Paid*Values_Entered,Monthly_Payment,""), "") | F376: =IFERROR(IF(Loan_Not_Paid*Values_Entered,Principal,""), "") | G376: =IFERROR(IF(Loan_Not_Paid*Values_Entered,Interest,""), "") | H376: =IFERROR(IF(Loan_Not_Paid*Values_Entered,Ending_Balance,""), "")
B377: =IFERROR(IF(Loan_Not_Paid*Values_Entered,Payment_Number,""), "") | C377: =IFERROR(IF(Loan_Not_Paid*Values_Entered,Payment_Date,""), "") | D377: =IFERROR(IF(Loan_Not_Paid*Values_Entered,Beginning_Balance,""), "") | E377: =IFERROR(IF(Loan_Not_Paid*Values_Entered,Monthly_Payment,""), "") | F377: =IFERROR(IF(Loan_Not_Paid*Values_Entered,Principal,""), "") | G377: =IFERROR(IF(Loan_Not_Paid*Values_Entered,Interest,""), "") | H377: =IFERROR(IF(Loan_Not_Paid*Values_Entered,Ending_Balance,""), "")
B378: =IFERROR(IF(Loan_Not_Paid*Values_Entered,Payment_Number,""), "") | C378: =IFERROR(IF(Loan_Not_Paid*Values_Entered,Payment_Date,""), "") | D378: =IFERROR(IF(Loan_Not_Paid*Values_Entered,Beginning_Balance,""), "") | E378: =IFERROR(IF(Loan_Not_Paid*Values_Entered,Monthly_Payment,""), "") | F378: =IFERROR(IF(Loan_Not_Paid*Values_Entered,Principal,""), "") | G378: =IFERROR(IF(Loan_Not_Paid*Values_Entered,Interest,""), "") | H378: =IFERROR(IF(Loan_Not_Paid*Values_Entered,Ending_Balance,""), "")
B379: =IFERROR(IF(Loan_Not_Paid*Values_Entered,Payment_Number,""), "") | C379: =IFERROR(IF(Loan_Not_Paid*Values_Entered,Payment_Date,""), "") | D379: =IFERROR(IF(Loan_Not_Paid*Values_Entered,Beginning_Balance,""), "") | E379: =IFERROR(IF(Loan_Not_Paid*Values_Entered,Monthly_Payment,""), "") | F379: =IFERROR(IF(Loan_Not_Paid*Values_Entered,Principal,""), "") | G379: =IFERROR(IF(Loan_Not_Paid*Values_Entered,Interest,""), "") | H379: =IFERROR(IF(Loan_Not_Paid*Values_Entered,Ending_Balance,""), "")
B380: =IFERROR(IF(Loan_Not_Paid*Values_Entered,Payment_Number,""), "") | C380: =IFERROR(IF(Loan_Not_Paid*Values_Entered,Payment_Date,""), "") | D380: =IFERROR(IF(Loan_Not_Paid*Values_Entered,Beginning_Balance,""), "") | E380: =IFERROR(IF(Loan_Not_Paid*Values_Entered,Monthly_Payment,""), "") | F380: =IFERROR(IF(Loan_Not_Paid*Values_Entered,Principal,""), "") | G380: =IFERROR(IF(Loan_Not_Paid*Values_Entered,Interest,""), "") | H380: =IFERROR(IF(Loan_Not_Paid*Values_Entered,Ending_Balance,""), "")
B381: =IFERROR(IF(Loan_Not_Paid*Values_Entered,Payment_Number,""), "") | C381: =IFERROR(IF(Loan_Not_Paid*Values_Entered,Payment_Date,""), "") | D381: =IFERROR(IF(Loan_Not_Paid*Values_Entered,Beginning_Balance,""), "") | E381: =IFERROR(IF(Loan_Not_Paid*Values_Entered,Monthly_Payment,""), "") | F381: =IFERROR(IF(Loan_Not_Paid*Values_Entered,Principal,""), "") | G381: =IFERROR(IF(Loan_Not_Paid*Values_Entered,Interest,""), "") | H381: =IFERROR(IF(Loan_Not_Paid*Values_Entered,Ending_Balance,""), "")
B382: =IFERROR(IF(Loan_Not_Paid*Values_Entered,Payment_Number,""), "") | C382: =IFERROR(IF(Loan_Not_Paid*Values_Entered,Payment_Date,""), "") | D382: =IFERROR(IF(Loan_Not_Paid*Values_Entered,Beginning_Balance,""), "") | E382: =IFERROR(IF(Loan_Not_Paid*Values_Entered,Monthly_Payment,""), "") | F382: =IFERROR(IF(Loan_Not_Paid*Values_Entered,Principal,""), "") | G382: =IFERROR(IF(Loan_Not_Paid*Values_Entered,Interest,""), "") | H382: =IFERROR(IF(Loan_Not_Paid*Values_Entered,Ending_Balance,""), "")
B383: =IFERROR(IF(Loan_Not_Paid*Values_Entered,Payment_Number,""), "") | C383: =IFERROR(IF(Loan_Not_Paid*Values_Entered,Payment_Date,""), "") | D383: =IFERROR(IF(Loan_Not_Paid*Values_Entered,Beginning_Balance,""), "") | E383: =IFERROR(IF(Loan_Not_Paid*Values_Entered,Monthly_Payment,""), "") | F383: =IFERROR(IF(Loan_Not_Paid*Values_Entered,Principal,""), "") | G383: =IFERROR(IF(Loan_Not_Paid*Values_Entered,Interest,""), "") | H383: =IFERROR(IF(Loan_Not_Paid*Values_Entered,Ending_Balance,""), "")
B384: =IFERROR(IF(Loan_Not_Paid*Values_Entered,Payment_Number,""), "") | C384: =IFERROR(IF(Loan_Not_Paid*Values_Entered,Payment_Date,""), "") | D384: =IFERROR(IF(Loan_Not_Paid*Values_Entered,Beginning_Balance,""), "") | E384: =IFERROR(IF(Loan_Not_Paid*Values_Entered,Monthly_Payment,""), "") | F384: =IFERROR(IF(Loan_Not_Paid*Values_Entered,Principal,""), "") | G384: =IFERROR(IF(Loan_Not_Paid*Values_Entered,Interest,""), "") | H384: =IFERROR(IF(Loan_Not_Paid*Values_Entered,Ending_Balance,""), "")
B385: =IFERROR(IF(Loan_Not_Paid*Values_Entered,Payment_Number,""), "") | C385: =IFERROR(IF(Loan_Not_Paid*Values_Entered,Payment_Date,""), "") | D385: =IFERROR(IF(Loan_Not_Paid*Values_Entered,Beginning_Balance,""), "") | E385: =IFERROR(IF(Loan_Not_Paid*Values_Entered,Monthly_Payment,""), "") | F385: =IFERROR(IF(Loan_Not_Paid*Values_Entered,Principal,""), "") | G385: =IFERROR(IF(Loan_Not_Paid*Values_Entered,Interest,""), "") | H385: =IFERROR(IF(Loan_Not_Paid*Values_Entered,Ending_Balance,""), "")
... B676: =IFERROR(IF(Loan_Not_Paid*Values_Entered,Payment_Number,""), "") | C676: =IFERROR(IF(Loan_Not_Paid*Values_Entered,Payment_Date,""), "") | D676: =IFERROR(IF(Loan_Not_Paid*Values_Entered,Beginning_Balance,""), "") | E676: =IFERROR(IF(Loan_Not_Paid*Values_Entered,Monthly_Payment,""), "") | F676: =IFERROR(IF(Loan_Not_Paid*Values_Entered,Principal,""), "") | G676: =IFERROR(IF(Loan_Not_Paid*Values_Entered,Interest,""), "") | H676: =IFERROR(IF(Loan_Not_Paid*Values_Entered,Ending_Balance,""), "")

Sheet Comparison
A1: Year | B1: scenario 1 interest | C1: Scenario 2 interest | D1: difference
A2: 1 | B2: ='Scenario 1'!I25 -> 25868.363 | C2: ='Scenario 2'!I25 -> 24366.777 | D2: =B2-C2 -> 1501.5861
A3: 2 | B3: ='Scenario 1'!I37 -> 51437.302 | C3: ='Scenario 2'!I37 -> 48431.252 | D3: =B3-C3 -> 3006.0504
A4: 3 | B4: ='Scenario 1'!I49 -> 76686.763 | C4: ='Scenario 2'!I49 -> 72174.378 | D4: =B4-C4 -> 4512.3847
A5: 4 | B5: ='Scenario 1'!I61 -> 101595.35 | C5: ='Scenario 2'!I61 -> 95575.913 | D5: =B5-C5 -> 6019.4376
A6: 5 | B6: ='Scenario 1'!I73 -> 126140.24 | C6: ='Scenario 2'!I73 -> 118614.34 | D6: =B6-C6 -> 7525.9001
A7: 10 | B7: ='Scenario 1'!I133 -> 242497.16 | C7: ='Scenario 2'!I133 -> 227506.73 | D7: =B7-C7 -> 14990.429
